 Dungeon Crawl Stone Soup version 0.29-a0-664-gff9cad4a3d (webtiles) character file.

Game seed: 1253034569267866690

53 HoaS the Bolt Thrower (level 3, -5/21 HPs)
             Began as a Tengu Hunter on June 22, 2022.
             Killed from afar by Natasha (7 damage)
             ... with a magic dart
             ... on level 2 of the Dungeon.
             The game lasted 00:02:23 (931 turns).

HoaS the Bolt Thrower (Tengu Hunter)                 Turns: 931, Time: 00:02:24

Health: -5/21      AC:  5    Str: 11    XL:     3   Next: 89%
Magic:  4/4        EV: 11    Int: 15    God:
Gold:   73         SH:  0    Dex: 19    Spells: 2/2 levels left

rFire   . . .      SeeInvis .   a - +1 hand crossbow (freeze)
rCold   . . .      Faith    .   (no shield)
rNeg    . . .      Spirit   .   g - +0 ring mail
rPois   .          Reflect  .   (helmet restricted)
rElec   .          Harm     .   (no cloak)
rCorr   .          Rampage  .   (no gloves)
Will    .....                   (boots unavailable)
Stlth   +.........              (no amulet)
HPRegen 0.07/turn               d - +6 ring of intelligence
MPRegen 0.09/turn               (no ring)

@: no status effects
A: beak, talons 3
a: no special abilities


You were on level 2 of the Dungeon.
You visited 1 branch of the dungeon, and saw 2 of its levels.

You collected 73 gold pieces.

Inventory:

Hand Weapons
 a - a +1 hand crossbow of freezing (weapon)
Armour
 g - a +0 ring mail (worn)
Jewellery
 d - a +6 ring of intelligence (left hand)
Scrolls
 b - a scroll of poison {unknown}
 c - a scroll of immolation
Potions
 f - 4 potions of heal wounds
 h - 3 potions of attraction


   Skills:
 - Level 2.0 Fighting
 + Level 5.9 Crossbows
 - Level 2.1 Dodging
 - Level 1.0 Stealth


You had 2 spell levels left.
You didn't know any spells.
Your spell library contained the following spells:

 Spells                   Type           Power      Damage    Failure   Level
 Sublimation of Blood     Necr           0%         N/A       69%         2
 Wereblood                Tmut           0%         N/A       69%         2
 Summon Hydra             Summ           0%         N/A       100%        7


Dungeon Overview and Level Annotations

Branches:
Dungeon (2/15)

Altars:

Annotations:
D:2 Natasha


Innate Abilities, Weirdness & Mutations

You have a beak for a mouth.
You have claws for feet.


Message History

You shoot a bolt. The bolt hits the worm.
The bolt freezes the worm.
The worm is heavily wounded.
The worm bites you!
Natasha extends her claws.
You shoot a bolt. The bolt hits the worm.
The bolt freezes the worm.
The worm is almost dead.
The worm bites you.
You are too injured to fight recklessly!
You are too injured to fight recklessly!
You are too injured to fight recklessly!
Shoot: a) +1 hand crossbow (freeze)
Press: ? - help, Q - select action Shift-Dir - straight line, f/p - worm
Aim: a worm (almost dead, 82% to hit)
You shoot a bolt. The bolt hits the worm.
The bolt freezes the worm.
You kill the worm!
Shoot: a) +1 hand crossbow (freeze)
Press: ? - help, Q - select action Shift-Dir - straight line, f - hobgoblin
Aim: a hobgoblin (66% to hit)
You shoot a bolt. The bolt closely misses the hobgoblin.
The bolt hits the frilled lizard.
The bolt freezes the frilled lizard.
You kill the frilled lizard!
The hobgoblin hits you but does no damage.
Natasha wildly gestures.
You feel disoriented.
Shoot: a) +1 hand crossbow (freeze)
Press: ? - help, Q - select action Shift-Dir - straight line, f/p - hobgoblin
Aim: a hobgoblin (66% to hit)
You shoot a bolt. The bolt hits the hobgoblin.
The bolt freezes the hobgoblin.
You kill the hobgoblin!
Natasha casts a spell at you. The magic dart hits you!
* * * LOW HITPOINT WARNING * * *
Shoot: a) +1 hand crossbow (freeze)
Press: ? - help, Q - select action Shift-Dir - straight line, f - Natasha
Aim: Natasha (60% to hit)
You shoot a bolt. The bolt misses Natasha.
Natasha casts a spell at you. The magic dart hits you!
You die...

#.......# #. #.#####.#
#. #.#####.#####.
#.......#.....
#.#####.#.#... # #.#
#...#.## #..
#.#####†..#.#.
.....######.........#.#.
#...h@..............#.
#.########.######..###
#..# #.....
######..#####..###
#...............##
#.#####.######..##
#.#####.#........#
#.....)...######.#
#######.########..


You could see Natasha.

Vanquished Creatures
  2 worms (D:2)
  2 dart slugs (D:2)
  2 endoplasms (D:1)
  7 hobgoblins
  3 jackals (D:1)
  4 quokkas
  A ball python (D:2)
  4 bats
  3 frilled lizards
  4 goblins
  7 kobolds
  4 rats (D:1)
43 creatures vanquished.

Notes
Turn   | Place    | Note
-------+----------+-------------------------------------------
     0 | D:1      | HoaS the Tengu Hunter began the quest for the Orb.
     0 | D:1      | Reached XP level 1. HP: 12/12 MP: 2/2
    82 | D:1      | Found a faded altar of an unknown god.
   140 | D:1      | Reached XP level 2. HP: 16/17 MP: 3/3
   167 | D:1      | Reached skill level 5 in Crossbows
   412 | D:1      | Reached XP level 3. HP: 21/21 MP: 4/4
   924 | D:2      | Noticed Natasha
   931 | D:2      | Killed from afar by Natasha

Illustrated notes

Levels and vault maps discovered:
D:1:      ncdulo_smallfort, layout_basic, shapermc_ecumenical_altar_ellora
D:2:      layout_basic, grunt_ministairs_8, uniq_natasha, uniq_terence

Skill      XL: |  1  2 |
---------------+-------+-----
Crossbows      | 5 |  5.9
Fighting       | |  2.0
Dodging        | |  2.1
Stealth        | |  1.0

Action                   || total
-------------------------++-------
 Fire: Hand crossbow     ||    96
  Use: Scroll            ||     5
Armor: Leather armour    ||     5
       Ring mail         ||     2
Dodge: Dodged            ||    19

Table legend: (Time is in decaauts)
 A = Elapsed time spent in this place.
 B = Non-inter-level travel time spent in this place.
 C = Inter-level travel time spent in this place.
 D = Time resting spent in this place.
 E = Time spent auto-exploring this place.
 F = Levels seen in this place.
 G = Mean time per level.
                   A        B        C        D        E       F      G
               +--------+--------+--------+--------+--------+-----+--------+
         Total |    957 |    922 |     35 |     67 |    639 |   2 |  478.5 |
       Dungeon |    957 |    922 |     35 |     67 |    639 |   2 |  478.5 |
               +--------+--------+--------+--------+--------+-----+--------+

Top non-repeatable levels by time:
     D:1: 676 daAuts
     D:2: 281 daAuts
